 Dungeon Crawl Stone Soup version 0.30-a0-989-g0d87f670db (webtiles) character file.

Game seed: 17677995436951677932

140 112233 the Magician (level 5, -1/35 HPs)
             Began as a Demonspawn Air Elementalist on Apr 3, 2023.
             Slain by a black bear (2 damage)
             ... on level 4 of the Dungeon.
             The game lasted 00:02:01 (3197 turns).

112233 the Magician (Demonspawn Air Elementalist)   Turns: 3197, Time: 00:02:02

Health: -1/35      AC:  6    Str:  8    XL:     5   Next: 2%
Magic:  0/11       EV: 12    Int: 19    God:
Gold:   143        SH:  0    Dex: 13    Spells: 5/12 levels left

rFire   . . .      SeeInvis .    o - +1 trident (protect)
rCold   . . .      Faith    .    (no shield)
rNeg    . . .      Spirit   +    a - +0 robe
rPois   .          Reflect  .    (no helmet)
rElec   .          Rampage  .    (no cloak)
rCorr   .                        (no gloves)
Will    .....                    (no boots)
Stlth   ++                       n - amulet of guardian spirit
HPRegen 0.25/turn                i - +4 ring of protection
MPRegen 0.24/turn                (no ring)

@: very slightly contaminated
A: claws 2, magic regeneration
a: no special abilities


You were on level 4 of the Dungeon.
You visited 1 branch of the dungeon, and saw 4 of its levels.

You collected 143 gold pieces.

Inventory:

Hand Weapons
 f - a +0 short sword
 o - a +1 trident of protection (weapon)
Missiles
 p - a throwing net
Armour
 a - a +0 robe (worn)
Jewellery
 i - a +4 ring of protection (left claw)
 n - an amulet of guardian spirit (around neck)
Scrolls
 c - 2 scrolls of fear {unknown}
 e - 2 scrolls of magic mapping
 h - 5 scrolls of identify {unknown}
 k - 3 scrolls of teleportation
 m - a scroll of torment {unknown}
 q - a scroll of enchant armour {unknown}
 r - a scroll of amnesia {unknown}
Potions
 b - a potion of magic
 g - a potion of heal wounds {unknown}
 j - 2 potions of haste {unknown}
 l - a potion of mutation {unknown}


   Skills:
 - Level 1.9 Dodging
 - Level 2.0 Stealth
 + Level 4.0 Spellcasting
 + Level 2.6 Conjurations
 - Level 2.8 Air Magic


You had 5 spell levels left.
You knew the following spells:

 Your Spells              Type           Power      Damage    Failure   Level
a - Shock                 Conj/Air       56%        1d6       4%          1
b - Static Discharge      Conj/Air       28%        2-4/arc   7%          2
c - Airstrike             Air            7%         2d(1-17)  41%         4

Your spell library contained the following spells:

 Spells                   Type           Power      Damage    Failure   Level
 Swiftness                Air            14%        N/A       13%         3
 Cigotuvi's Dreadful Rot  Necr/Pois/Air  14%        N/A       14%         2
 Dispel Undead            Necr           3%         3d7       80%         4
 Death Channel            Necr           1%         N/A       100%        6


Dungeon Overview and Level Annotations

Branches:
Dungeon (4/15)
 Temple: D:4-7

Altars:


Innate Abilities, Weirdness & Mutations

You have very sharp fingernails.
You regenerate magic rapidly.


Message History

The black bear claws you but does no damage.
The black bear closely misses you.
Unknown command.
Casting: Static Discharge (safe; 7% risk of failure)
Confirm with . or Enter, or press ? or * to list all spells.
The black bear is struck by an arc of lightning.
The black bear is severely wounded.
You are struck by an arc of lightning.
The black bear is struck by an arc of lightning.
The black bear is almost dead.
The lightning grounds out.
The black bear bites you!
The black bear claws you but does no damage. x2
The black bear misses you. The black bear closely misses you.
The black bear misses you.
Unknown command.
Casting: Static Discharge (safe; 7% risk of failure)
Confirm with . or Enter, or press ? or * to list all spells.
You miscast Static Discharge.
You are very lightly contaminated with residual magic.
Nothing appears to happen.
The black bear goes berserk!
Unknown command.
Unknown command.
Casting: Static Discharge (safe; 7% risk of failure)
Confirm with . or Enter, or press ? or * to list all spells.
The black bear is struck by an arc of lightning.
The black bear is almost dead.
You are struck by an arc of lightning.
The black bear is struck by an arc of lightning.
The black bear is almost dead.
The lightning grounds out.
The black bear bites you!
The black bear claws you but does no damage.
The black bear barely misses you. The black bear bites you!
* * * LOW HITPOINT WARNING * * *
The black bear barely misses you.
The black bear claws you but does no damage.
The black bear bites you!
* * * LOW HITPOINT WARNING * * *
The black bear barely misses you. The black bear claws you.
You die...

***.#.##...##.#.........###......
,,...........)'.........'.......#
**#.#.........#..^......###.....#
,**,#####.)h####.......## #.#.#.#
,,,,* ###.# ##.....## #.#.#.#
,,*** #.# ##...## #.....# ,,*
#####.#### ##'## ###.### ,**
#........####.# #.# **
#.###....h@...# #.# #.#
####.###..## #.# #.# #.###...##
#.# #.######.##.....## #.#
#................######.#
########.###............# #.#
#...#.######## #.####.##.#
#.........#


You could see a black bear (berserk).

Vanquished Creatures
  Jessica (D:3)
  A sleepcap (D:4)
  2 adders (D:2)
  A worm (D:3)
  A dart slug (D:4)
  2 orcs (D:3)
  8 ball pythons
  3 bats
  An endoplasm (D:1)
  4 giant cockroaches
  4 goblins
  7 hobgoblins
  3 jackals (D:2)
  4 quokkas
  4 frilled lizards
  8 kobolds
  5 rats
59 creatures vanquished.

Notes
Turn   | Place    | Note
-------+----------+-------------------------------------------
     0 | D:1      | 112233 the Demonspawn Air Elementalist began the quest for
                  | the Orb.
     0 | D:1      | Reached XP level 1. HP: 13/13 MP: 3/3
   251 | D:1      | Gained mutation: You have sharp fingernails. [demonic
                  | ancestry]
   251 | D:1      | Reached XP level 2. HP: 19/19 MP: 1/5
  1098 | D:2      | Reached XP level 3. HP: 23/24 MP: 1/7
  1162 | D:2      | Reached skill level 3 in Spellcasting
  1426 | D:2      | Found a faded altar of an unknown god.
  1849 | D:3      | Noticed Jessica
  1856 | D:3      | Killed Jessica
  1857 | D:3      | Gained mutation: You regenerate magic rapidly. [demonic
                  | ancestry]
  1857 | D:3      | Reached XP level 4. HP: 30/30 MP: 0/9
  2898 | D:4      | Reached skill level 4 in Spellcasting
  3022 | D:4      | Gained mutation: You have very sharp fingernails. [demonic
                  | ancestry]
  3022 | D:4      | Reached XP level 5. HP: 35/35 MP: 9/11
  3075 | D:4      | Noticed a black bear
  3091 | D:4      | Learned a level 2 spell: Static Discharge
  3096 | D:4      | Learned a level 4 spell: Airstrike
  3197 | D:4      | HP: 1/35 [black bear (6)]
  3197 | D:4      | Slain by a black bear

Illustrated notes

Levels and vault maps discovered:
D:1:      minmay_arrival_open_corners, layout_loops_cross, minmay_bisected
D:2:      layout_rooms, hellmonk_ecumenical_altar_leap_of_faith, minivault_4
D:3:      layout_rooms, uniq_jessica
D:4:      layout_loops_corners

Skill      XL: |  1  2  3  4 |
---------------+-------------+-----
Stealth        | 2 |  2.0
Spellcasting   | 3 4 |  4.0
Conjurations   | 2 |  2.6
Dodging        | |  1.9
Air Magic      | |  2.8

Action                     |  1- 3 |  4- 6 || total
---------------------------+-------+-------++-------
  Melee: Unarmed           |     6 |       ||     6
         Short sword       |     2 |       ||     2
         Trident           |       |    10 ||    10
         Punch             |       |     2 ||     2
   Cast: Shock             |    80 |    61 ||   141
         Static Discharge  |       |     3 ||     3
    Use: Scroll            |       |     3 ||     3
 Armour: Robe              |    10 |    23 ||    33
  Dodge: Dodged            |    10 |    24 ||    34

Table legend: (Time is in decaauts)
 A = Elapsed time spent in this place.
 B = Non-inter-level travel time spent in this place.
 C = Inter-level travel time spent in this place.
 D = Time resting spent in this place.
 E = Time spent auto-exploring this place.
 F = Levels seen in this place.
 G = Mean time per level.
                   A        B        C        D        E       F      G
               +--------+--------+--------+--------+--------+-----+--------+
         Total |   3198 |   3131 |     67 |    143 |   2660 |   4 |  799.5 |
       Dungeon |   3198 |   3131 |     67 |    143 |   2660 |   4 |  799.5 |
               +--------+--------+--------+--------+--------+-----+--------+

Top non-repeatable levels by time:
     D:1: 942 daAuts
     D:2: 906 daAuts
     D:3: 690 daAuts
     D:4: 659 daAuts
